 Dungeon Crawl Stone Soup version 0.30-a0-939-gc8157cb160 (webtiles) character file.

Game seed: 14761350040580255938

534 Bnni the Digger (level 7, -1/52 HPs)
             Began as a Formicid Earth Elementalist on Mar 25, 2023.
             Slain by a gnoll
             ... wielding a +1 spear of freezing
             ... led by a gnoll bouda
              (5 damage)
             ... on level 5 of the Dungeon.
             The game lasted 00:05:47 (3658 turns).

Bnni the Digger (Formicid Earth Elementalist)       Turns: 3658, Time: 00:05:47

Health: -1/52      AC:  4    Str: 13    XL:     7   Next: 49%
Magic:  7/13       EV: 12    Int: 14    God:
Gold:   170        SH:  0    Dex: 14    Spells: 4/14 levels left

rFire   . . .      SeeInvis +    u - +1 flail (protect)
rCold   . . .      Faith    .    (no shield)
rNeg    + . .      Spirit   .    l - +2 robe of the Desert {Will+ Regen+ Int-2}
rPois   .          Reflect  .    (helmet unavailable)
rElec   .          Rampage  .    (no cloak)
rCorr   .                        (no gloves)
Will    +....                    (no boots)
Stlth   ++                       (no amulet)
HPRegen 1.08/turn                m - ring of positive energy
MPRegen 0.13/turn                (no ring)

@: no status effects
A: permanent stasis, dig shafts and tunnels, antennae 3, four strong arms
a: Dig, Shaft Self


You were on level 5 of the Dungeon.
You visited 1 branch of the dungeon, and saw 5 of its levels.

You collected 170 gold pieces.

Inventory:

Hand Weapons
 n - a +0 quarterstaff
 r - a +1 dagger of venom
 u - a +1 flail of protection (weapon)
Missiles
 f - 8 poisoned darts
Armour
 j - a +0 ring mail
 l - the +2 robe of the Desert (worn) {Will+ Regen+ Int-2}
   (You found it on level 2 of the Dungeon)

   Int:       It affects your intelligence (-2).
   Regen:     It increases your rate of health regeneration.
   Will:      It increases your willpower.
Jewellery
 m - a ring of positive energy (left hand)
Scrolls
 a - a scroll of vulnerability {unknown}
 b - 3 scrolls of fear {unknown}
 d - 2 scrolls of teleportation {unknown}
 i - 2 scrolls of enchant weapon {unknown}
 k - a scroll of brand weapon {unknown}
 q - a scroll of fog
 t - a scroll of butterflies {unknown}
Potions
 c - a potion of magic
 h - 4 potions of attraction
 o - a potion of lignification
 s - a potion of brilliance


   Skills:
 + Level 3.4 Fighting
 + Level 0.0 Armour
 - Level 1.7 Dodging
 - Level 2.4 Stealth
 - Level 4.0 Spellcasting
 - Level 3.0 Transmutations
 * Level 7.0 Earth Magic


You had 4 spell levels left.
You knew the following spells:

 Your Spells              Type           Power      Damage    Failure   Level
a - Sandblast             Erth           44%        2d11      1%          1
b - Passwall              Tmut/Erth      13%        N/A       3%          2
c - Stone Arrow           Conj/Erth      24%        3d8       14%         3
d - Petrify               Tmut/Erth      16%        N/A       24%         4

Your spell library contained the following spells:

 Spells                   Type           Power      Damage    Failure   Level
 Wereblood                Tmut           11%        N/A       9%          2
 Kiss of Death            Conj/Necr      8%         2d6       19%         1
 Sublimation of Blood     Necr           2%         N/A       28%         2
 Confusing Touch          Hex            2%         N/A       50%         3
 Dispel Undead            Necr           2%         3d7       88%         4
 Summon Hydra             Summ           1%         N/A       100%        7


Dungeon Overview and Level Annotations

Branches:
Dungeon (5/15)
 Temple: D:4-7

Altars:


Innate Abilities, Weirdness & Mutations

You cannot be hasted, slowed, berserked, paralysed or teleported.
You can dig through walls and to a lower floor.
You have a pair of large antennae on your head. (SInv)
Your four strong arms can wield two-handed weapons with a shield.


Message History

The gnoll bouda hits you with a +0 whip!
Aiming: Sandblast (safe; 1% risk of failure)
Press: ? - help, Q - select action, (/) - cycle Shift-Dir - straight line, f/p - gnoll bouda
Aim: a gnoll bouda, wielding a +0 whip and wearing a +0 leather armour (severely wounded, 85% to hit)
The blast of sand hits the gnoll bouda but does no damage.
The gnoll bouda is severely wounded.
The gnoll hits you from afar with a +1 spear of freezing.
The gnoll freezes you.
The gnoll bouda hits you with a +0 whip!
The gnoll barely misses you.
Aiming: Sandblast (safe; 1% risk of failure)
Press: ? - help, Q - select action, (/) - cycle Shift-Dir - straight line, f/p - gnoll bouda
Aim: a gnoll bouda, wielding a +0 whip and wearing a +0 leather armour (severely wounded, 85% to hit)
The blast of sand hits the gnoll bouda.
The gnoll bouda is almost dead.
The gnoll bouda mumbles some strange prayers to its god.
The gnoll bouda is healed somewhat.
The gnoll completely misses you. The gnoll bouda closely misses you.
Aiming: Sandblast (safe; 1% risk of failure)
Press: ? - help, Q - select action, (/) - cycle Shift-Dir - straight line, f/p - gnoll bouda
Aim: a gnoll bouda, wielding a +0 whip and wearing a +0 leather armour (heavily wounded, 85% to hit)
The blast of sand hits the gnoll bouda but does no damage.
The gnoll bouda is heavily wounded.
The gnoll hits you from afar with a +1 spear of freezing!
The gnoll freezes you.
The gnoll bouda hits you with a +0 whip!
* * * LOW HITPOINT WARNING * * *
The gnoll closely misses you.
You are too injured to fight recklessly!
Unknown command.
You are too injured to fight recklessly!
You barely miss the gnoll bouda.
The gnoll bouda is heavily wounded.
The gnoll bouda barely misses you. The gnoll barely misses you.
The gnoll bouda hits you with a +0 whip!
* * * LOW HITPOINT WARNING * * *
You barely miss the gnoll bouda.
The gnoll bouda is heavily wounded.
The gnoll hits you from afar with a +1 spear of freezing.
You die...

##########
...gggg@.#
########.#
#..<#)#
#.###)#
#.)...#
#######


You could see a gnoll bouda and 3 gnolls.

Vanquished Creatures
  Sigmund (D:2)
  A phantom (D:4)
  An orc priest (D:4)
  A gnoll bouda (D:4)
  2 orc wizards (D:3)
  2 adders (D:3)
  4 gnolls (D:4)
  A shadow imp (D:4)
  A white imp (D:4)
  2 worms
  A dart slug (D:1)
  12 orcs
  5 endoplasms
  A giant cockroach (D:2)
  5 goblins
  10 hobgoblins
  8 jackals
  11 kobolds
  7 quokkas
  7 ball pythons
  7 bats
  5 frilled lizards
  5 rats
100 creatures vanquished.

Notes
Turn   | Place    | Note
-------+----------+-------------------------------------------
     0 | D:1      | Bnni the Formicid Earth Elementalist began the quest for
                  | the Orb.
     0 | D:1      | Reached XP level 1. HP: 13/13 MP: 3/3
   338 | D:1      | Reached XP level 2. HP: 20/20 MP: 3/5
   349 | D:1      | Reached skill level 4 in Earth Magic
   501 | D:1      | Reached XP level 3. HP: 25/25 MP: 4/6
   540 | D:1      | Reached skill level 1 in Fighting
   633 | D:1      | Learned a level 2 spell: Passwall
  1056 | D:2      | Noticed Sigmund
  1059 | D:2      | Identified the +2 robe of the Desert {Will+ Regen+ Int-2}
  1068 | D:2      | Killed Sigmund
  1069 | D:2      | Reached skill level 5 in Earth Magic
  1069 | D:2      | Reached XP level 4. HP: 20/34 MP: 5/8
  1069 | D:2      | Reached XP level 5. HP: 23/39 MP: 5/9
  1069 | D:2      | Reached XP level 6. HP: 27/45 MP: 5/10
  1153 | D:2      | Learned a level 4 spell: Petrify
  1157 | D:2      | Learned a level 3 spell: Stone Arrow
  2347 | D:3      | Reached skill level 6 in Earth Magic
  3111 | D:4      | Reached XP level 7. HP: 44/51 MP: 1/12
  3404 | D:4      | Reached skill level 7 in Earth Magic
  3589 | D:5      | Entered Level 5 of the Dungeon
  3657 | D:5      | HP: 2/52 [gnoll bouda/+0 whip (12)]
  3658 | D:5      | Slain by a gnoll

Illustrated notes

Levels and vault maps discovered:
D:1:      giann_wishing_wells, layout_basic, minmay_tiny_reverse_x
D:2:      layout_basic, minmay_misc_feat_ornament, uniq_sigmund
D:3:      layout_loops_ring, minmay_misc_feat_encased, roderic_malta_cross,
          ebering_dispersal_statue_hall
D:4:      layout_rooms
D:5:      layout_basic

Skill      XL: |  1  2  3  4  5  6  7 |
---------------+----------------------+-----
Earth Magic    | 4 5 6 7 |  7.0
Fighting       | 2 3 |  3.4
Spellcasting   | 3 4 |  4.0
Transmutations | 2 3 |  3.0
Dodging        | |  1.7
Stealth        | |  2.4

Action                     |  1- 3 |  4- 6 |  7- 9 || total
---------------------------+-------+-------+-------++-------
  Melee: Unarmed           |     6 |       |       ||     6
         Dagger            |    11 |       |    13 ||    24
         Short sword       |       |     2 |       ||     2
         Flail             |       |       |     6 ||     6
   Cast: Sandblast         |    46 |    75 |    37 ||   158
    Use: Potion            |     1 |       |       ||     1
         Scroll            |       |       |     6 ||     6
 Armour: Robe              |     9 |     3 |     5 ||    17
  Dodge: Dodged            |    29 |    10 |    31 ||    70

Table legend: (Time is in decaauts)
 A = Elapsed time spent in this place.
 B = Non-inter-level travel time spent in this place.
 C = Inter-level travel time spent in this place.
 D = Time resting spent in this place.
 E = Time spent auto-exploring this place.
 F = Levels seen in this place.
 G = Mean time per level.
                   A        B        C        D        E       F      G
               +--------+--------+--------+--------+--------+-----+--------+
         Total |   3734 |   3668 |     66 |    149 |   2913 |   5 |  746.8 |
       Dungeon |   3734 |   3668 |     66 |    149 |   2913 |   5 |  746.8 |
               +--------+--------+--------+--------+--------+-----+--------+

Top non-repeatable levels by time:
     D:1: 1053 daAuts
     D:2: 915 daAuts
     D:3: 866 daAuts
     D:4: 822 daAuts
     D:5: 77 daAuts
